Map: Ever Dream LE

Players

AGOElazer (Elazer) - Winner!

  • Race: Zerg Zerg
  • League: Master
  • Spawn Location: 1:00

PtitDrogo

  • Race: Protoss Protoss
  • League: Master
  • Spawn Location: 7:00

Event: StayAtHomestory Cup #2

VOD

Have the link to the VOD?

Description

Time

  • Played on: June 11, 2020, 9:40 a.m.
  • Length: 11:54

All games in this series

Show
View Real Time Build Order
Export as new Build Order

AGOElazer Zerg - Winner!

Build Orders: Hatch First, Muta Ling Bane 

Get SALT Encoding   

  12  0:00  Drone  
  13  0:12  Overlord  
  13  0:17  Drone  
  14  0:30  Drone x2  
  16  0:48  Hatchery  
  15  0:51  Drone  
  15  0:54  Drone  
  17  0:57  Drone  
  18  1:07  Extractor  
  17  1:12  Spawning Pool  
  17  1:15  Drone  
  17  1:18  Drone  
  18  1:27  Drone  
  19  1:38  Drone  
  20  1:49  Drone  
  21  2:00  Queen x2  
  21  2:01  Zergling x2, Overlord  
  26  2:11  Zergling x2  
  26  2:12  Drone  
  28  2:21  Drone  
  28  2:22  Drone  
  30  2:34  Drone x2  
  32  2:37  Hatchery  
  32  2:39  Queen  
  32  2:43  Metabolic Boost  
  33  2:48  Overlord  
  33  2:50  Drone  
  34  2:54  Drone  
  34  2:55  Drone  
  35  3:06  Overlord  
  35  3:09  Zergling x4  
  35  3:10  Drone x3  
  35  3:11  Drone  
  41  3:18  Queen  
  43  3:20  Drone  
  44  3:30  Drone x4  
  48  3:40  Extractor  
  48  3:41  Roach Warren  
  46  3:43  Drone x5  
  46  3:47  Overlord  
  51  3:49  Zergling x2  
  51  3:54  Queen  
  54  3:55  Overlord  
  54  4:00  Queen  
  56  4:02  Overlord  
  56  4:16  Zergling x4  
  57  4:18  Overlord  
  57  4:20  Roach x2  
  57  4:21  Roach x3  
  69  4:24  Roach  
  69  4:26  Roach  
  71  4:40  Roach  
  71  4:41  Roach x2, Zergling x8  
  81  4:51  Roach x3  
  81  4:52  Overlord  
  87  4:59  Spore Crawler  
  86  5:01  Lair  
  86  5:04  Zergling x6  
  89  5:10  Spore Crawler  
  86  5:14  Zergling x12  
  90  5:28  Drone x8, Overlord  
  87  5:37  Drone x3  
  84  5:48  Roach, Drone x2  
  86  5:56  Drone x3, Spore Crawler  
  88  5:59  Drone x3, Glial Reconstitution  
  88  6:02  Drone x3  
  95  6:08  Overseer  
  94  6:11  Drone x5  
  94  6:13  Extractor  
  98  6:25  Overlord  
  96  6:27  Drone  
  96  6:28  Drone x4  
  96  6:32  Baneling Nest  
  97  6:33  Evolution Chamber  
  97  6:36  Drone x6  
  97  6:38  Drone  
  97  6:39  Hatchery  
  102  6:42  Extractor  
  102  6:45  Overlord  
  101  6:51  Drone x4  
  105  6:58  Extractor  
  105  6:59  Extractor, Zerg Melee Weapons Level 1  
  105  7:00  Pneumatized Carapace  
  103  7:04  Overlord x2  
  103  7:05  Drone x8  
  111  7:15  Overlord  
  111  7:17  Roach x5  
  111  7:18  Centrifical Hooks  
  115  7:38  Spire  
  115  7:39  Roach x9  
  115  7:40  Zergling x2  
  133  7:47  Overlord x2  
  132  7:53  Zergling x2  
  132  7:54  Zergling x8  
  137  8:00  Drone x5  
  137  8:05  Drone x5  
  147  8:07  Drone  
  148  8:19  Drone x5  
  145  8:27  Drone x4  
  145  8:29  Drone x3  
  148  8:35  Zergling x14  
  137  8:42  Zergling x10  
  137  8:44  Extractor  
  137  8:45  Overlord  
  137  8:46  Extractor  
  137  8:47  Zergling x2  
  137  8:51  Zergling x2  
  137  8:55  Mutalisk  
  138  8:56  Hatchery  
  138  9:00  Mutalisk x5  
  149  9:03  Zerg Melee Weapons Level 2, Zerg Flyer Weapons Level 1  
  149  9:07  Mutalisk x5  
  159  9:10  Overlord  
  159  9:16  Zergling x16  
  167  9:17  Unknown  
  167  9:19  Ravager  
  167  9:20  Ravager  
  167  9:23  Overlord  
  168  9:33  Zergling x14  
  168  9:34  Zergling x6  
  177  9:52  Zergling x14  
  184  9:53  Zergling x8  
  184  9:55  Baneling x25  
  184  9:56  Baneling x3  
  186  10:08  Zergling x6  
  186  10:09  Zergling x16  
  186  10:13  Infestation Pit  
  196  10:32  Zergling x10  
  192  10:42  Zergling x40  
  177  10:50  Zergling x2  
  177  10:51  Zergling x10  
  183  11:01  Baneling x25  
  183  11:02  Zergling x6  
  183  11:03  Zergling x4  
  188  11:18  Hatchery  
  187  11:19  Overlord, Mutalisk x5  
  197  11:30  Evolution Chamber  
Show
View Real Time Build Order
Export as new Build Order

PtitDrogo Protoss 

Build Orders: 1 Gate Expand, Mass Adepts 

Get SALT Encoding   

  12  0:00  Probe  
  13  0:12  Probe  
  14  0:18  Pylon  
  14  0:25  Probe  
  14  0:27  Assimilator  
  15  0:33  Probe  
  15  0:41  Probe  
  16  0:43  Gateway  
  17  0:51  Probe  
  18  1:03  Probe  
  19  1:16  Probe  
  20  1:21  Nexus  
  20  1:31  Cybernetics Core  
  20  1:34  Probe  
  20  1:39  Assimilator  
  21  1:47  Probe  
  22  1:48  Pylon  
  22  1:58  Adept  
  22  1:59  Probe  
  23  2:08  Warp Gate  
  25  2:11  Probe  
  26  2:15  Twilight Council  
  26  2:22  Adept  
  26  2:24  Probe  
  26  2:26  Pylon  
  27  2:31  Probe  
  30  2:38  Probe  
  30  2:39  Probe  
  32  2:46  Robotics Facility  
  32  2:50  Probe  
  33  2:54  Stalker  
  33  2:58  Resonating Glaives  
  35  3:06  Probe  
  35  3:11  Gateway  
  37  3:12  Probe  
  37  3:24  Stalker  
  37  3:25  Gateway  
  39  3:27  Warp Prism  
  39  3:30  Gateway  
  39  3:41  Probe  
  42  3:42  Probe  
  42  3:47  Pylon  
  43  3:49  Pylon  
  44  3:55  Probe x2  
  45  4:05  Adept x2  
  49  4:10  Assimilator  
  49  4:12  Probe x2  
  51  4:24  Probe x2  
  51  4:25  Adept x4  
  61  4:33  Observer, Pylon  
  62  4:49  Pylon  
  62  4:54  Adept x3  
  62  4:55  Adept  
  70  5:03  Assimilator  
  71  5:07  Probe x2  
  71  5:16  Adept x2  
  73  5:27  Adept x2  
  73  5:28  Immortal, Probe  
  78  5:29  Probe  
  69  5:40  Probe  
  69  5:41  Probe  
  62  5:52  Probe  
  62  5:53  Probe  
  62  5:55  Adept x2  
  62  5:56  Adept x2  
  68  6:04  Immortal, Probe  
  68  6:06  Probe  
  69  6:12  Nexus  
  69  6:13  Pylon  
  69  6:17  Probe  
  69  6:18  Sentry, Probe  
  77  6:29  Probe  
  77  6:30  Probe  
  77  6:32  Immortal  
  75  6:34  Charge  
  73  6:41  Probe  
  73  6:42  Probe  
  73  6:43  Pylon  
  73  6:46  Forge  
  79  6:53  Probe  
  79  6:54  Adept x2  
  82  6:55  Adept  
  82  6:59  Pylon  
  86  7:01  Probe  
  86  7:04  Sentry  
  86  7:05  Probe  
  90  7:12  Shield Battery  
  90  7:13  Probe, Protoss Ground Weapons Level 1  
  91  7:17  Probe  
  91  7:19  Immortal  
  96  7:25  Probe  
  96  7:29  Probe  
  96  7:30  Probe  
  96  7:32  Assimilator  
  96  7:34  Templar Archives, Assimilator  
  95  7:37  Probe  
  95  7:41  Probe  
  95  7:42  Probe  
  95  7:43  Pylon  
  98  7:46  Immortal  
  98  7:49  Probe, Shield Battery  
  99  7:51  Gateway  
  99  7:52  Gateway  
  99  7:53  Probe  
  102  8:09  Psionic Storm  
  102  8:11  High Templar  
  102  8:12  High Templar  
  101  8:18  Immortal  
  95  8:25  Probe  
  95  8:26  Archon, Probe  
  99  8:27  High Templar  
  99  8:29  High Templar  
  101  8:38  Shield Battery  
  101  8:39  Shield Battery  
  91  8:41  Probe  
  91  8:46  High Templar, Zealot x3  
  100  8:56  Gateway  
  100  8:57  Immortal, Pylon  
  104  9:06  Photon Cannon  
  104  9:07  Shield Battery  
  104  9:11  High Templar x2  
  108  9:21  Gateway, High Templar  
  108  9:23  Pylon  
  110  9:25  Nexus  
  110  9:26  Adept x2  
  110  9:27  Pylon  
  110  9:29  Zealot x3  
  120  9:38  Photon Cannon  
  120  9:40  Photon Cannon  
  120  9:44  Photon Cannon, Stalker x2  
  116  9:50  Blink  
  116  9:53  Shield Battery  
  114  10:00  Stalker x3  
  113  10:07  Probe  
  113  10:10  Probe x2  
  113  10:13  Stalker x2  
  113  10:14  Stalker x2  
  123  10:21  Probe  
  122  10:24  Probe  
  122  10:25  Probe  
  122  10:27  Pylon  
  124  10:28  Pylon  
  122  10:37  Probe x3  
  89  10:46  Zealot x2  
  89  10:49  Probe x2  
  78  10:50  Probe  
  78  10:51  High Templar x2  
  78  10:52  High Templar x2  
  78  10:56  Archon x2  
  82  11:01  Probe x2  
  82  11:02  Probe  
  85  11:06  High Templar  
  85  11:11  Probe  
  87  11:13  Probe x2  
  90  11:19  Probe  
  90  11:20  High Templar  
  90  11:21  Shield Battery  
  90  11:25  Probe x2  
  95  11:28  Probe  
  95  11:29  Gateway  
  96  11:35  Photon Cannon  
  96  11:37  Probe x2  
  98  11:40  Probe  
  96  11:48  Pylon  
Tags
 
Add a new tag
Caveats
  • Supply blocks, unpowered buildings, or Contaminate may cause inaccurate times.
  • Supply counts are checked every 10 seconds.